Cogmind - Beta 9.6 *** ADVENTURER MODE // 2020.07.23 @ 18:48:22 Player: Plexion Result: Destroyed by M Guard with Ragnarok Missile Launcher Performance ------------- Evolutions (9) 4500 Regions Visited (26) 5200 Robots Destroyed (155) 775 Value Destroyed (4807) 4807 Prototype IDs (57) 1140 Alien Tech Used (1) 200 Bonus (5088) 5088 TOTAL SCORE: 21710 Bonus ------- High Alert Combat Kills 61 Met Data Miner 300 Met Zhirov 300 Met Warlord at Base 500 MAIN.C Attacked Warlord 500 Scanned by Researcher 500 Acquired SGEMP 2000 Delivered SGEMP 2000 Friendly Fire -1073 Cogmind --------- Core Integrity 0/1600 Matter 300/300 Energy 98/100 System Corruption 1% Temperature Cool (9) Movement Core (50) Location -1/Command Parts ------- > --- POWER (2) -------- (None) > --- PROPULSION (3) --- (None) > --- UTILITY (18) ----- Advanced Visual Processing Unit Enhanced Optical Array Advanced Signal Interpreter Advanced Terrain Scan Processor Advanced Hacking Suite System Shield System Shield > --- WEAPON (2) ------- (None) > --- INVENTORY (4) ---- (None) Peak State ------------ > --- POWER ------------ Light Particle Reactor > --- PROPULSION ------- Improved Diametric Drive Improved Diametric Drive Improved Diametric Drive > --- UTILITY ---------- Advanced Energy Well Gravity Neutralizing Apparatus Enhanced Optical Array Spectral Analyzer Advanced Sensor Array Advanced Signal Interpreter Advanced Terrain Scan Processor Improved Hacking Suite Advanced Hacking Suite Advanced Hacking Suite Advanced Hacking Suite System Shield > --- WEAPON ----------- Helical Railgun > --- INVENTORY -------- Impulse Thruster Impulse Thruster Experimental Coolant Injector Experimental Hardlight Generator [Rating: 110] Favorites ----------- Power Light Nuclear Core Engine Light Ion Engine Power Core Light Nuclear Core Reactor Light Particle Reactor Propulsion Improved Flight Unit Leg Carbon-fiber Leg Wheel Wheel Hover Unit Cooled Gravmag System Flight Unit Improved Flight Unit Utility Hacking Suite Device Advanced Sensor Array Storage Large Storage Unit Processor Advanced Signal Interpreter Hackware Hacking Suite Protection Light Armor Plating Weapon Katana Energy Gun Small Laser Energy Cannon Enhanced Nova Cannon Ballistic Gun Enhanced Autogun Ballistic Cannon Heavy Flak Cannon Special Weapon Mining Laser Impact Weapon Mace Slashing Weapon Katana Build | -11 -10 -9 -8 -7 -7 -7 -7 -6 -6 -6 -6 -5 -5 -5 -5 -4 -4 -4 -4 -4 -3 -3 -3 -2 -1 -1 ------- Run | Scr Mat Mat Mat Fac Low Low Dat Pro Fac Low Low Fac Upp Upp Zhi Pro Fac Upp Upp War Pro Res Tes Res Acc Com Slots Evolved 18 | . . 2 2 2 . . . . 2 . . 2 . . . . 2 . . . . 2 . 2 2 . Power 1 | . . . . 1 . . . . . . . . . . . . . . . . . . . . . . Propulsion 1 | . . 1 . . . . . . . . . . . . . . . . . . . . . . . . Utility 16 | . . 1 2 1 . . . . 2 . . 2 . . . . 2 . . . . 2 . 2 2 . Weapon . | . . . . . . . . . . . . . . . . . . . . . . . . . . . Parts Attached 205 | 6 5 26 33 19 . 4 . . 5 . 1 23 . . 9 3 10 2 1 7 3 9 24 11 2 2 Power 21 | 1 . 4 3 4 . . . . 1 . . 3 . . . . . . . . . . 3 2 . . Engine 6 | 1 . 2 1 1 . . . . 1 . . . . . . . . . . . . . . . . . Core 10 | . . 2 2 3 . . . . . . . 3 . . . . . . . . . . . . . . Reactor 5 | . . . . . . . . . . . . . . . . . . . . . . . 3 2 . . Propulsion 53 | 2 . 5 12 7 . . . . . . . 8 . . 3 . . 1 . 4 1 2 6 . 1 1 Treads . | . . . . . . . . . . . . . . . . . . . . . . . . . . . Leg 8 | . . . 8 . . . . . . . . . . . . . . . . . . . . . . . Wheel 10 | 2 . 4 4 . . . . . . . . . . . . . . . . . . . . . . . Hover 8 | . . . . . . . . . . . . . . . 3 . . 1 . 3 1 . . . . . Flight 27 | . . 1 . 7 . . . . . . . 8 . . . . . . . 1 . 2 6 . 1 1 Utility 81 | 1 5 5 10 6 . . . . 4 . 1 6 . . 6 3 5 1 . 3 2 4 12 6 1 . Device 21 | . . . 2 2 . . . . . . . 1 . . 4 . 1 1 . 1 1 2 5 1 . . Storage 7 | 1 3 . . 1 . . . . . . . . . . . . . . . . . 1 1 . . . Processor 15 | . . . 3 1 . . . . . . 1 1 . . . 1 . . . 2 . 1 1 4 . . Hackware 25 | . . . . 2 . . . . 4 . . 4 . . 1 2 4 . . . 1 . 5 1 1 . Protection 13 | . 2 5 5 . . . . . . . . . . . 1 . . . . . . . . . . . Artifact . | . . . . . . . . . . . . . . . . . . . . . . . . . . . Weapon 50 | 2 . 12 8 2 . 4 . . . . . 6 . . . . 5 . 1 . . 3 3 3 . 1 Energy Gun 7 | 2 . 2 1 . . . . . . . . . . . . . . . . . . . 2 . . . Energy Cannon 1 | . . . . . . . . . . . . . . . . . . . . . . . . 1 . . Ballistic Gun 20 | . . 6 7 . . . . . . . . 2 . . . . 2 . . . . 2 1 . . . Ballistic Cannon 6 | . . . . . . . . . . . . 1 . . . . 2 . . . . 1 . 1 . 1 Launcher . | . . . . . . . . . . . . . . . . . . . . . . . . . . . Special Weapon 5 | . . 3 . . . 2 . . . . . . . . . . . . . . . . . . . . Impact Weapon 1 | . . 1 . . . . . . . . . . . . . . . . . . . . . . . . Slashing Weapon 10 | . . . . 2 . 2 . . . . . 3 . . . . 1 . 1 . . . . 1 . . Piercing Weapon . | . . . . . . . . . . . . . . . . . . . . . . . . . . . Special Melee Weapon . | . . . . . . . . . . . . . . . . . . . . . . . . . . . Unidentified Prototypes 30 | . . 2 1 2 . 1 . . 1 . . 1 . . 5 . . . . 5 . 3 8 1 . . Parts Lost 80 | . . 8 15 . . . . . 1 . 1 8 . . . . 2 1 . 4 4 10 10 1 3 12 Power 6 | . . . 1 . . . . . . . . 1 . . . . . . . . 1 . 2 . . 1 Propulsion 25 | . . 3 7 . . . . . . . . 4 . . . . . 1 . 1 2 1 1 . 1 4 Utility 32 | . . 2 3 . . . . . 1 . 1 3 . . . . 1 . . 3 . 6 4 1 2 5 Weapon 17 | . . 3 4 . . . . . . . . . . . . . 1 . . . 1 3 3 . . 2 Highest Loss Streak 8 | . . 2 6 . . . . . 1 . 1 8 . . . . 2 1 . 4 4 5 7 1 1 7 Average Slot Usage (%) 86 | . 99 95 97 83 84 84 84 84 86 86 84 82 88 88 87 88 87 89 90 84 74 53 61 72 69 54 Engine 1 | . 14 4 . . . . . . . . . . . . . . . . . . . . . . . . Core 5 | . . 6 8 7 7 7 7 7 6 6 6 6 5 5 5 5 5 5 5 5 5 . . . . . Leg 5 | . . . 21 1 . . . . . . . . . . . . . . . . . . . . . . Wheel 5 | . 28 29 4 . . . . . . . . . . . . . . . . . . . . . . . Hover 2 | . . . . . . . . . . . . . . . 5 17 15 13 15 14 13 . . . . . Flight 7 | . . . . 20 23 23 23 23 20 20 20 12 17 17 11 . . . . . . 7 13 13 12 6 Device 5 | . . . 6 6 7 7 7 7 6 6 6 3 5 5 4 5 8 6 10 10 9 3 5 2 3 . Storage 10 | . 17 22 18 7 7 7 7 7 6 6 6 5 5 5 5 5 5 5 5 4 . 3 4 . . . Processor 11 | . . . 9 13 15 15 15 15 13 13 11 12 17 17 17 17 15 15 15 15 15 17 14 18 20 19 Hackware 14 | . . . . 13 15 15 15 15 26 26 26 31 29 29 29 29 29 31 31 27 24 16 12 29 26 24 Protection 3 | . 10 10 9 1 . . . . . . . . . . . . . . . . . . . . . . Energy Gun 1 | . 28 6 . . . . . . . . . . . . . . . . . . . . 2 . . . Ballistic Gun 6 | . . 14 17 1 . . . . . . . 1 . . . . 1 5 1 . . 2 3 . . . Slashing Weapon 2 | . . . . 6 7 7 7 7 6 6 6 3 5 5 5 5 3 . 3 5 5 . . 3 4 2 Naked Turns . | . . . . . . . . . . . . . . . . . . . . . . . . . . . Heaviest Build 54 | 10 38 46 54 54 17 17 17 17 17 17 17 27 16 16 16 16 28 29 29 18 12 21 30 27 19 18 Greatest Support 54 | 26 26 36 45 45 18 18 18 18 18 18 18 26 19 19 51 51 51 51 51 54 54 35 39 28 29 29 Greatest Overweight (x) 8 | . 1 2 4 2 . . . . . . . 8 . . . . . . . . . . 1 . . 3 Average Overweight (x) . | . . 1 1 . . . . . . . . . . . . . . . . . . . . . . . Largest Inventory Capacity 20 | 6 16 16 16 20 8 8 8 8 8 8 8 8 8 8 8 8 8 8 8 8 4 4 4 4 4 4 Average Capacity 10 | 5 10 16 16 8 8 8 8 8 8 8 8 8 8 8 8 8 8 8 8 7 4 4 4 4 4 4 Most Carried 16 | 4 7 13 16 16 8 8 8 8 8 8 8 8 5 5 8 8 8 6 8 8 4 4 4 4 2 1 Average Carried 8 | 1 5 8 13 8 8 8 8 8 7 8 8 6 5 5 6 8 6 6 7 7 3 1 3 3 1 . Final Capacity 16 | 6 16 16 16 8 8 8 8 8 8 8 8 8 8 8 8 8 8 8 8 4 4 4 4 4 4 4 Final Carried 16 | 4 7 13 16 8 8 8 8 8 8 8 8 5 5 5 8 8 6 6 8 4 3 1 3 4 1 . Class Distribution -------------------- 27% | Scavenger-Mutant 22% | Hacker-Scout 16% | Wizard-Scout 10% | Mutant 7% | Wizard-Ninja 6% | Wizard-Mutant 3% | Hacker-Mutant 3% | Wizard-Sprinter Dominant Class ---------------- Mutant | -10/Materials Scavenger-Mutant | -9/Materials Scavenger-Mutant | -8/Materials Hacker-Scout | -7/Factory Hacker-Scout | -7/Lower Caves Hacker-Scout | -7/Lower Caves Hacker-Scout | -7/Data Miner Hacker-Scout | -6/Proximity Caves Hacker-Scout | -6/Factory Hacker-Scout | -6/Lower Caves Hacker-Scout | -6/Lower Caves Wizard-Scout | -5/Factory Wizard-Scout | -5/Upper Caves Wizard-Scout | -5/Upper Caves Wizard-Scout | -5/Zhirov Wizard-Scout | -4/Proximity Caves Wizard-Ninja | -4/Factory Wizard-Mutant | -4/Upper Caves Wizard-Ninja | -4/Upper Caves Wizard-Ninja | -4/Warlord Wizard-Mutant | -3/Proximity Caves Hacker-Scout | -3/Research Hacker-Mutant | -3/Testing Wizard-Scout | -2/Research Wizard-Scout | -1/Access Wizard-Sprinter | -1/Command Resources | -11 -10 -9 -8 -7 -7 -7 -7 -6 -6 -6 -6 -5 -5 -5 -5 -4 -4 -4 -4 -4 -3 -3 -3 -2 -1 -1 ----------- Run | Scr Mat Mat Mat Fac Low Low Dat Pro Fac Low Low Fac Upp Upp Zhi Pro Fac Upp Upp War Pro Res Tes Res Acc Com Matter Collected 4196 | 260 36 556 1221 113 135 . . 31 67 18 10 132 101 . . 212 197 128 61 . 44 150 388 326 . 10 Remotely 493 | . . . 493 . . . . . . . . . . . . . . . . . . . . . . . Salvage Created 6174 | 102 80 1403 2276 163 . 129 . . 245 . . 350 . . . 53 245 74 107 . . 432 451 . 33 31 Parts 349 | 5 7 100 114 8 . 3 . . 12 . . 24 . . . 6 9 1 6 . . 21 29 . 2 2 Haulers Intercepted 9 | . . 3 5 . . . . . 1 . . . . . . . . . . . . . . . . . Recyclers Shooed 3 | . . . . . . . . . . . . 1 . . . . 1 . . . . . 1 . . . Parts Field Recycled . | . . . . . . . . . . . . . . . . . . . . . . . . . . . Retrieved Matter . | . . . . . . . . . . . . . . . . . . . . . . . . . . . Parts Self-Destructed 11 | . . . . . . . . . . . . . . . . 5 . 1 4 1 . . . . . . Prevented 19 | . . . . . . . . . . 1 . . . . . . . . . 18 . . . . . . Kills | -11 -10 -9 -8 -7 -7 -7 -7 -6 -6 -6 -6 -5 -5 -5 -5 -4 -4 -4 -4 -4 -3 -3 -3 -2 -1 -1 ------- Run | Scr Mat Mat Mat Fac Low Low Dat Pro Fac Low Low Fac Upp Upp Zhi Pro Fac Upp Upp War Pro Res Tes Res Acc Com Combat Hostiles Destroyed 112 | . 3 33 42 1 . . . . . . . 12 . . . 1 2 2 2 . . 6 7 . . 1 Melee 7 | . . . . . . . . . . . . 5 . . . 1 . . . . . . . . . 1 Guns 97 | . 3 33 42 1 . . . . . . . 3 . . . . 1 1 2 . . 6 5 . . . Cannons 6 | . . . . . . . . . . . . 4 . . . . 1 1 . . . . . . . . AOE 2 | . . . . . . . . . . . . . . . . . . . . . . . 2 . . . Classes Destroyed 13 | 2 2 5 2 . . . . . . . . 1 . . . . . . 1 . . . . . . . Worker 4 | . . 1 2 . . . . . . . . . . . . . 1 . . . . . . . . . Tunneler 4 | 2 . 2 . . . . . . . . . . . . . . . . . . . . . . . . Hauler 9 | . . 3 5 . . . . . 1 . . . . . . . . . . . . . . . . . Recycler 5 | 1 . . . 1 . . . . . . . . . . . . 1 . . . . 1 1 . . . Operator 10 | . . 2 3 2 . . . . 2 . . . . . . . . . . . . . . . 1 . Watcher 11 | . 1 2 5 . . . . . 3 . . . . . . . . . . . . . . . . . Swarmer 46 | . 3 15 10 . . . . . . . . 8 . . . . . . . . . 5 4 . . 1 Grunt 38 | . . 12 23 . . . . . . . . 3 . . . . . . . . . . . . . . Brawler 1 | . . . 1 . . . . . . . . . . . . . . . . . . . . . . . Sentry 15 | . . 6 7 . . . . . . . . . . . . . 1 . . . . 1 . . . . Hunter 4 | . . . 1 1 . . . . . . . . . . . . . 2 . . . . . . . . Programmer 7 | . . . . . . . . . . . . 1 . . . 1 1 . 1 . . . 3 . . . Mutant 1 | . . . . . . . . . . . . . . . . . . . 1 . . . . . . . Best Kill Streak 8 | 3 3 6 5 1 . . . . 1 . . 8 . . . 1 3 1 1 . . 3 4 . . 1 Combat Bots Only 8 | . 3 5 5 1 . . . . . . . 8 . . . 1 1 1 1 . . 3 4 . . 1 Max Kills in Single Turn 3 | 1 1 2 1 1 . . . . 1 . . 1 . . . 1 1 1 1 . . 1 3 . 1 1 Gunslinging 1 | . . 1 . . . . . . . . . . . . . . . . . . . . . . . . Exploded 2 | . . . . . . . . . . . . . . . . . . . . . . . 2 . . . Melee 1 | . . . . . . . . . . . . 1 . . . 1 . . . . . . . . . 1 Uniques/NPCs Destroyed . | . . . . . . . . . . . . . . . . . . . . . . . . . . . Combat | -11 -10 -9 -8 -7 -7 -7 -7 -6 -6 -6 -6 -5 -5 -5 -5 -4 -4 -4 -4 -4 -3 -3 -3 -2 -1 -1 -------- Run | Scr Mat Mat Mat Fac Low Low Dat Pro Fac Low Low Fac Upp Upp Zhi Pro Fac Upp Upp War Pro Res Tes Res Acc Com Damage Taken 10690 | 4 74 780 1886 34 30 . . . 177 21 94 920 . . . 208 343 271 115 267 270 1407 1409 48 192 2140 Core 3655 | . . 99 178 26 14 . . . 37 . 16 369 . . . 129 16 48 . 63 52 532 409 48 36 1583 Absorbed by Shields 72 | . . . . . . . . . . . . . . . . . . . . . . . 72 . . . Core Remaining (%) 78 | 100 100 75 67 . . . . 94 . . 93 . . . . 50 . . . . 84 . 27 96 . . Volleys Fired 418 | 5 6 106 178 3 . . . . . . . 14 . . . . 8 12 8 . . 35 43 . . . Largest 2 | 2 2 2 2 2 . . . . . . . 2 . . . . 2 2 2 . . 2 2 . . . Hottest 108 | 80 80 100 88 50 . . . . . . . 83 . . . . 83 83 83 . . 101 108 . . . Shots Fired 757 | 10 12 202 351 6 . . . . . . . 28 . . . . 16 24 16 . . 40 52 . . . Gun 702 | 10 12 194 351 6 . . . . . . . 14 . . . . 8 12 8 . . 35 52 . . . Cannon 47 | . . . . . . . . . . . . 14 . . . . 8 12 8 . . 5 . . . . Launcher . | . . . . . . . . . . . . . . . . . . . . . . . . . . . Special 8 | . . 8 . . . . . . . . . . . . . . . . . . . . . . . . Kinetic 600 | . . 102 333 6 . . . . . . . 28 . . . . 16 24 16 . . 40 35 . . . Thermal 110 | 5 6 81 18 . . . . . . . . . . . . . . . . . . . . . . . Explosive . | . . . . . . . . . . . . . . . . . . . . . . . . . . . Electromagnetic 47 | 5 6 19 . . . . . . . . . . . . . . . . . . . . 17 . . . Robot Hit Streak 37 | 4 6 18 27 3 . . . . . . . 21 . . . . 37 7 16 . . 9 14 . . . Robot Miss Streak 3 | 1 1 3 3 3 . . . . . . . 3 . . . . 2 3 3 . . 2 1 . . . Penetration Max 1 | . . . . . . . . . . . . 1 . . . . . . . . . 1 . . . . Secondary Targets 7 | . . 5 2 . . . . . . . . . . . . . . . . . . . . . . . Max Gunslinging Chain 1 | . . 1 1 . . . . . . . . . . . . . . . . . . . . . . . Shots Hit Robots 621 | 8 8 147 271 8 . 2 . . 20 . . 48 . . . 3 14 21 12 . 1 31 24 . 2 1 Core Hits 303 | 3 4 65 104 6 . 2 . . 7 . . 34 . . . 2 14 16 12 . 1 17 14 . 1 1 Critical Hits 12 | . . . 1 . . . . . . . . 1 . . . . . . . . . 8 . . 1 1 Critical Kills 7 | . . . . . . . . . . . . . . . . . . . . . . 5 . . 1 1 Critical Parts Destroyed 2 | . . . . . . . . . . . . 1 . . . . . . . . . 1 . . . . Melee Attacks 353 | . . 4 . 37 8 7 . . 117 14 24 38 16 . . 9 24 . 6 8 10 . . 2 22 7 Impact 4 | . . 4 . . . . . . . . . . . . . . . . . . . . . . . . Slashing 349 | . . . . 37 8 7 . . 117 14 24 38 16 . . 9 24 . 6 8 10 . . 2 22 7 Piercing . | . . . . . . . . . . . . . . . . . . . . . . . . . . . Sneak Attacks 11 | . . . . 1 . . . . 6 . . 2 . . . . . . . . . . . . 2 . Combat Hostiles . | . . . . . . . . . . . . . . . . . . . . . . . . . . . Follow-up Attacks . | . . . . . . . . . . . . . . . . . . . . . . . . . . . Damage Inflicted 13147 | 113 107 2113 4309 304 . 196 . . 1222 . . 1559 . . . 105 439 432 360 . 48 405 1096 . 290 49 Guns 8748 | 88 107 2089 4309 46 . . . . . . . 299 . . . . 211 214 191 . . 328 866 . . . Cannons 1133 | . . . . . . . . . . . . 441 . . . . 228 218 169 . . 77 . . . . Explosions 255 | 25 . . . . . . . . . . . . . . . . . . . . . . 230 . . . Melee 2979 | . . . . 258 . 196 . . 1222 . . 819 . . . 105 . . . . 40 . . . 290 49 Ramming 8 | . . . . . . . . . . . . . . . . . . . . . 8 . . . . . Kinetic 8153 | . . 1167 4022 46 . . . . . . . 740 . . . . 439 432 360 . . 405 542 . . . Thermal 1329 | 58 33 721 287 . . . . . . . . . . . . . . . . . . . 230 . . . Explosive . | . . . . . . . . . . . . . . . . . . . . . . . . . . . Electromagnetic 678 | 55 74 225 . . . . . . . . . . . . . . . . . . . . 324 . . . Impact . | . . . . . . . . . . . . . . . . . . . . . . . . . . . Slashing 2979 | . . . . 258 . 196 . . 1222 . . 819 . . . 105 . . . . 40 . . . 290 49 Piercing . | . . . . . . . . . . . . . . . . . . . . . . . . . . . Highest Corruption 7 | . . . . . . . . . 3 3 7 2 2 2 2 3 1 1 2 2 3 . 4 . . 1 Average Corruption 2 | . . . . . . . . . 3 3 4 1 2 2 2 2 1 1 1 2 2 . 3 . . 1 Corruption Purged . | . . . . . . . . . . . . . . . . . . . . . . . . . . . Effects 51 | . . . . . . . . . 12 5 7 4 2 1 2 4 . 1 3 1 . . 9 . . . Message Errors 14 | . . . . . . . . . 1 1 3 1 1 1 . 2 . 1 1 1 . . 1 . . . Matter Fused 9 | . . . . . . . . . 3 . . . . . . 1 . . . . . . 5 . . . Heat Flow Errors 6 | . . . . . . . . . 2 1 . 1 1 . . . . . 1 . . . . . . . Energy Discharges 5 | . . . . . . . . . . 1 1 1 . . . . . . 1 . . . 1 . . . Data Loss (minor) 6 | . . . . . . . . . 3 . . . . . 2 1 . . . . . . . . . . Targeting Errors 10 | . . . . . . . . . 3 2 3 1 . . . . . . . . . . 1 . . . Weapon Failures 1 | . . . . . . . . . . . . . . . . . . . . . . . 1 . . . Overload Shots . | . . . . . . . . . . . . . . . . . . . . . . . . . . . Overflow Damage 582 | . . . . 51 . . . . 343 . . 24 . . . . . . 2 . . . 59 . 103 . Projectiles 2 | . . . . . . . . . . . . . . . . . . . 2 . . . . . . . Explosions 59 | . . . . . . . . . . . . . . . . . . . . . . . 59 . . . Melee 521 | . . . . 51 . . . . 343 . . 24 . . . . . . . . . . . . 103 . Knockbacks 15 | . . . . . . . . . . . . 4 . . . . 3 4 3 . 1 . . . . . Impact 1 | . . . . . . . . . . . . . . . . . . . . . 1 . . . . . Kinetic 14 | . . . . . . . . . . . . 4 . . . . 3 4 3 . . . . . . . Secondary . | . . . . . . . . . . . . . . . . . . . . . . . . . . . Self-Inflicted Damage 23 | 4 . . . . . . . . . . . . . . . . . . . . 3 . 16 . . . Shots 2 | 1 . . . . . . . . . . . . . . . . . . . . . . 1 . . . Rammed 2 | . . . . . . . . . . . . . . . . . . . . . 2 . . . . . Targets Rammed 2 | . . . . . . . . . . . . . . . . . . . . . 2 . . . . . Kicked . | . . . . . . . . . . . . . . . . . . . . . . . . . . . Crushed . | . . . . . . . . . . . . . . . . . . . . . . . . . . . Highest Temperature 283 | 54 108 277 283 12 . . . . 101 236 . 251 153 . . . 1 19 174 . . 3 103 . . . Average Temperature 54 | 24 43 67 45 7 . . . . 54 114 . 62 77 . . . 1 11 89 . . 3 49 . . . Received Heat Transfer 2034 | . . 309 1062 . . . . . 39 . . 99 . . . 30 18 . . 36 27 234 . 9 27 144 Effects 4 | . . . 4 . . . . . . . . . . . . . . . . . . . . . . . Interference 4 | . . . 4 . . . . . . . . . . . . . . . . . . . . . . . Siege Activations . | . . . . . . . . . . . . . . . . . . . . . . . . . . . Robots Corrupted . | . . . . . . . . . . . . . . . . . . . . . . . . . . . Combat Hostiles . | . . . . . . . . . . . . . . . . . . . . . . . . . . . Parts Fried 3 | . . 1 . . . . . . . . . . . . . . . . . . . . 2 . . . Impact Corruptions . | . . . . . . . . . . . . . . . . . . . . . . . . . . . Robots Melted . | . . . . . . . . . . . . . . . . . . . . . . . . . . . Combat Hostiles . | . . . . . . . . . . . . . . . . . . . . . . . . . . . Parts Melted 6 | . . 5 1 . . . . . . . . . . . . . . . . . . . . . . . Heat Transferred 2667 | 125 75 1738 629 . . . . . . . . . . . . . . . . . . . 100 . . . Parts Sabotaged . | . . . . . . . . . . . . . . . . . . . . . . . . . . . Parts Stolen . | . . . . . . . . . . . . . . . . . . . . . . . . . . . Parts Stripped . | . . . . . . . . . . . . . . . . . . . . . . . . . . . Power Chain Reactions 2 | 1 . . . . . . . . . . . . . . . . . . . . . . 1 . . . Missiles Intercepted . | . . . . . . . . . . . . . . . . . . . . . . . . . . . Alert | -11 -10 -9 -8 -7 -7 -7 -7 -6 -6 -6 -6 -5 -5 -5 -5 -4 -4 -4 -4 -4 -3 -3 -3 -2 -1 -1 ------- Run | Scr Mat Mat Mat Fac Low Low Dat Pro Fac Low Low Fac Upp Upp Zhi Pro Fac Upp Upp War Pro Res Tes Res Acc Com Peak Influence 612 | 15 153 516 340 491 . . . . 156 . . 334 . . . . 55 . . . . 130 612 396 202 222 Average Influence 166 | 5 88 312 141 106 . . . . 57 . . 148 . . . . 25 . . . . 73 344 301 153 160 Maximum Alert Level 2 | . . 2 1 2 . . . . . . . 1 . . . . . . . . . . 2 1 1 1 Low Security (%) 66 | 100 100 12 78 89 . . . . 100 . . 57 . . . . 100 . . . . 100 13 11 98 83 Level 1 27 | . . 60 21 . . . . . . . . 42 . . . . . . . . . . 55 88 1 16 Level 2 6 | . . 26 . 10 . . . . . . . . . . . . . . . . . . 31 . . . Level 3 . | . . . . . . . . . . . . . . . . . . . . . . . . . . . Level 4 . | . . . . . . . . . . . . . . . . . . . . . . . . . . . Level 5 . | . . . . . . . . . . . . . . . . . . . . . . . . . . . High Security . | . . . . . . . . . . . . . . . . . . . . . . . . . . . Max Security . | . . . . . . . . . . . . . . . . . . . . . . . . . . . Squads Dispatched 23 | . . 2 4 1 . . . . 1 . . 2 . . . . 4 . . . . 3 4 . 1 1 Investigation 4 | . . . 1 . . . . . . . . . . . . . 2 . . . . . . . . 1 Extermination 4 | . . . . . . . . . . . . . . . . . 2 . . . . 1 1 . . . Reinforcement 15 | . . 2 3 1 . . . . 1 . . 2 . . . . . . . . . 2 3 . 1 . Assault . | . . . . . . . . . . . . . . . . . . . . . . . . . . . Garrison . | . . . . . . . . . . . . . . . . . . . . . . . . . . . Intercept . | . . . . . . . . . . . . . . . . . . . . . . . . . . . Construction Impeded . | . . . . . . . . . . . . . . . . . . . . . . . . . . . Haulers Reinforced 3 | . . . . . . . . . 1 . . 1 . . . . . . . . . . . . 1 . Stealth | -11 -10 -9 -8 -7 -7 -7 -7 -6 -6 -6 -6 -5 -5 -5 -5 -4 -4 -4 -4 -4 -3 -3 -3 -2 -1 -1 --------- Run | Scr Mat Mat Mat Fac Low Low Dat Pro Fac Low Low Fac Upp Upp Zhi Pro Fac Upp Upp War Pro Res Tes Res Acc Com Distress Signals 24 | . 1 4 6 . . . . . . . . 3 . . . . . . . . . 1 . 7 . 2 Communications Jammed . | . . . . . . . . . . . . . . . . . . . . . . . . . . . Distress Signals . | . . . . . . . . . . . . . . . . . . . . . . . . . . . Times Spotted 435 | . 10 51 66 3 8 2 . . 12 3 2 27 . . . 3 4 5 6 9 17 48 34 10 15 100 Peak Tracking Total 113 | . 5 6 6 1 6 4 . . 4 9 1 10 . . . 2 2 3 9 7 6 18 10 7 7 113 Tactical Retreats 55 | . 1 4 6 . 3 1 . . 1 1 . 3 . . . 2 2 1 3 1 5 7 5 1 4 4 Traps | -11 -10 -9 -8 -7 -7 -7 -7 -6 -6 -6 -6 -5 -5 -5 -5 -4 -4 -4 -4 -4 -3 -3 -3 -2 -1 -1 ------- Run | Scr Mat Mat Mat Fac Low Low Dat Pro Fac Low Low Fac Upp Upp Zhi Pro Fac Upp Upp War Pro Res Tes Res Acc Com Traps Triggered 6 | . . . 2 . . . . . . . . . . . . . 3 . . . . 1 . . . . Indirectly . | . . . . . . . . . . . . . . . . . . . . . . . . . . . Trap Hack Attempts . | . . . . . . . . . . . . . . . . . . . . . . . . . . . Triggered . | . . . . . . . . . . . . . . . . . . . . . . . . . . . Disarmed 7 | . . 7 . . . . . . . . . . . . . . . . . . . . . . . . Reprogrammed 12 | . . . . . . . . . . . . 6 . . . . . . . . . . . . . 6 Reused 1 | . . . . . . . . . . . . 1 . . . . . . . . . . . . . . Traps Extracted . | . . . . . . . . . . . . . . . . . . . . . . . . . . . Installed . | . . . . . . . . . . . . . . . . . . . . . . . . . . . Triggered 6 | . . . . . . 2 . . . . 1 1 . . . . . . . 2 . . . . . . Machines | -11 -10 -9 -8 -7 -7 -7 -7 -6 -6 -6 -6 -5 -5 -5 -5 -4 -4 -4 -4 -4 -3 -3 -3 -2 -1 -1 ---------- Run | Scr Mat Mat Mat Fac Low Low Dat Pro Fac Low Low Fac Upp Upp Zhi Pro Fac Upp Upp War Pro Res Tes Res Acc Com Machines Disabled 14 | . . 2 1 1 . 1 . . . . . . . . . . . . 1 . . . 8 . . . Max in Single Turn 2 | . . 1 1 1 . 1 . . . . . . . . . . . . 1 . . . 2 . . . Garrison Access 3 | . . . . . . . . . 2 . . . . . . . . . . . . . . . 1 . Machines Sabotaged . | . . . . . . . . . . . . . . . . . . . . . . . . . . . Garrisons Compromised . | . . . . . . . . . . . . . . . . . . . . . . . . . . . Overloaded Fab Kills . | . . . . . . . . . . . . . . . . . . . . . . . . . . . Fab Network Shutdowns 2 | . . . . 1 . . . . . . . . . . . . . . . . . . 1 . . . Hacking | -11 -10 -9 -8 -7 -7 -7 -7 -6 -6 -6 -6 -5 -5 -5 -5 -4 -4 -4 -4 -4 -3 -3 -3 -2 -1 -1 --------- Run | Scr Mat Mat Mat Fac Low Low Dat Pro Fac Low Low Fac Upp Upp Zhi Pro Fac Upp Upp War Pro Res Tes Res Acc Com Machines Accessed 78 | . 3 8 7 9 . 1 4 . 8 . . 4 2 . 5 . 6 . . 7 . 4 5 . 2 3 Terminals 47 | . 3 7 6 7 . . . . 6 . . 4 . . . . 4 . . . . 3 3 . 1 3 Fabricators 7 | . . . . 2 . . . . . . . . . . . . 2 . . . . 1 2 . . . Repair Stations . | . . . . . . . . . . . . . . . . . . . . . . . . . . . Recycling Units . | . . . . . . . . . . . . . . . . . . . . . . . . . . . Scanalyzers 2 | . . 1 1 . . . . . . . . . . . . . . . . . . . . . . . Garrison Access 3 | . . . . . . . . . 2 . . . . . . . . . . . . . . . 1 . Total Hacks 250 | . 9 29 18 22 . 1 25 . 22 . . 17 9 . 15 . 29 . . 13 . 8 16 . 4 13 Successful 182 | . 5 15 9 13 . 1 25 . 13 . . 12 9 . 15 . 25 . . 13 . 5 8 . 3 11 Failed 67 | . 4 14 9 9 . . . . 9 . . 5 . . . . 3 . . . . 3 8 . 1 2 Catastrophic 6 | . 1 2 2 . . . . . . . . . . . . . . . . . . . 1 . . . Database Lockouts 2 | . . . . . . . . . . . . . . . . . 2 . . . . . . . . . Manual 141 | . 8 25 16 15 . 1 . . 15 . . 14 . . . . 19 . . 1 . 6 8 . 3 10 Terminals 152 | . 9 26 16 16 . . . . 18 . . 17 . . . . 20 . . . . 6 8 . 3 13 Fabricators 25 | . . . . 6 . . . . . . . . . . . . 9 . . . . 2 8 . . . Repair Stations . | . . . . . . . . . . . . . . . . . . . . . . . . . . . Recycling Units . | . . . . . . . . . . . . . . . . . . . . . . . . . . . Scanalyzers 5 | . . 3 2 . . . . . . . . . . . . . . . . . . . . . . . Garrison Access 5 | . . . . . . . . . 4 . . . . . . . . . . . . . . . 1 . Terminal Hacks 114 | . 5 5 4 3 . 1 25 . 4 . . 7 9 . 15 . 13 . . 13 . 1 . . . 9 Record 33 | . . . . . . . 11 . . . . . 8 . 3 . . . . 11 . . . . . . Part Schematic 20 | . . . 2 2 . . 7 . . . . 2 . . 4 . 3 . . . . . . . . . Robot Schematic 4 | . . . . . . . 4 . . . . . . . . . . . . . . . . . . . Robot Analysis 4 | . . . . . . . . . . . . . . . 4 . . . . . . . . . . . Prototype ID Bank 9 | . . 1 . . . . 3 . 1 . . . . . 4 . . . . . . . . . . . Open Door 4 | . . . . . . 1 . . . . . . 1 . . . . . . 2 . . . . . . Level Access Points 2 | . 1 . . . . . . . . . . . . . . . . . . . . . . . . 1 Branch Access Points 4 | . . . . . . . . . 1 . . 1 . . . . 1 . . . . . . . . 1 Emergency Access Points 1 | . . . . . . . . . . . . . . . . . 1 . . . . . . . . . Machine Index 1 | . . . . . . . . . . . . . . . . . . . . . . . . . . 1 Terminal Index 1 | . . . . . . . . . . . . . . . . . . . . . . . . . . 1 Fabricator Index 2 | . . . . . . . . . . . . . . . . . 1 . . . . . . . . 1 Unreport Threat 7 | . . 1 . . . . . . 1 . . 1 . . . . 4 . . . . . . . . . Disarm Traps 2 | . . 2 . . . . . . . . . . . . . . . . . . . . . . . . Reprogram Traps 2 | . . . . . . . . . . . . 1 . . . . . . . . . . . . . 1 Dispatch Records 1 | . . . . . . . . . . . . . . . . . 1 . . . . . . . . . Security Status 1 | . . . . . . . . . . . . 1 . . . . . . . . . . . . . . Recall Investigation 1 | . . . . . . . . . . . . . . . . . 1 . . . . . . . . . Hauler Manifests 3 | . 1 . 1 . . . . . . . . 1 . . . . . . . . . . . . . . Registered Components 2 | . 2 . . . . . . . . . . . . . . . . . . . . . . . . . Zone Layout 9 | . 1 1 1 1 . . . . 1 . . . . . . . 1 . . . . 1 . . . 2 Disengage Seal 1 | . . . . . . . . . . . . . . . . . . . . . . . . . . 1 Fabricator Hacks 20 | . . . . 5 . . . . . . . . . . . . 8 . . . . 2 5 . . . Load Schematic 8 | . . . . 3 . . . . . . . . . . . . 2 . . . . 1 2 . . . Build 12 | . . . . 2 . . . . . . . . . . . . 6 . . . . 1 3 . . . Repair Station Hacks . | . . . . . . . . . . . . . . . . . . . . . . . . . . . Recycling Unit Hacks . | . . . . . . . . . . . . . . . . . . . . . . . . . . . Scanalyzer 5 | . . 3 2 . . . . . . . . . . . . . . . . . . . . . . . Insert Component 3 | . . 2 1 . . . . . . . . . . . . . . . . . . . . . . . Analyze 2 | . . 1 1 . . . . . . . . . . . . . . . . . . . . . . . Garrison Access Hacks 3 | . . . . . . . . . 2 . . . . . . . . . . . . . . . 1 . Seal Access 3 | . . . . . . . . . 2 . . . . . . . . . . . . . . . 1 . Unauthorized Hacks 40 | . . 7 3 5 . . . . 7 . . 5 . . . . 4 . . . . 2 3 . 2 2 Terminals 40 | . . 7 3 5 . . . . 7 . . 5 . . . . 4 . . . . 2 3 . 2 2 Assimilate 8 | . . 2 . 1 . . . . 2 . . . . . . . . . . . . 1 1 . 1 . Botnet 27 | . . 4 3 4 . . . . 5 . . 4 . . . . 3 . . . . . 2 . 1 1 Detonate 2 | . . . . . . . . . . . . . . . . . . . . . . 1 . . . 1 Operators 3 | . . 1 . . . . . . . . . 1 . . . . 1 . . . . . . . . . Fabricators . | . . . . . . . . . . . . . . . . . . . . . . . . . . . Repair Stations . | . . . . . . . . . . . . . . . . . . . . . . . . . . . Recycling Units . | . . . . . . . . . . . . . . . . . . . . . . . . . . . Scanalyzers . | . . . . . . . . . . . . . . . . . . . . . . . . . . . Garrison Access . | . . . . . . . . . . . . . . . . . . . . . . . . . . . Data Cores Recovered . | . . . . . . . . . . . . . . . . . . . . . . . . . . . Used . | . . . . . . . . . . . . . . . . . . . . . . . . . . . Hacking Detections 53 | . 2 8 7 9 . . . . 7 . . 4 . . . . 5 . . . . 3 5 . 1 2 Full Trace Events . | . . . . . . . . . . . . . . . . . . . . . . . . . . . Feedback Events . | . . . . . . . . . . . . . . . . . . . . . . . . . . . Feedback Blocked . | . . . . . . . . . . . . . . . . . . . . . . . . . . . Robot Schematics Acquired 4 | . . . . . . . 4 . . . . . . . . . . . . . . . . . . . Robots Built . | . . . . . . . . . . . . . . . . . . . . . . . . . . . Matter . | . . . . . . . . . . . . . . . . . . . . . . . . . . . Time . | . . . . . . . . . . . . . . . . . . . . . . . . . . . Total Robot Build Rating . | . . . . . . . . . . . . . . . . . . . . . . . . . . . Part Schematics Acquired 22 | . . 1 3 2 . . 7 . . . . 2 . . 4 . 3 . . . . . . . . . Parts Built 10 | . . . . 2 . . . . . . . . . . . . 4 . . . . 1 3 . . . Matter 2068 | . . . . 365 . . . . . . . . . . . . 848 . . . . 285 570 . . . Time 523 | . . . . 131 . . . . . . . . . . . . 212 . . . . 50 130 . . . Total Part Build Rating 50 | . . . . 6 . . . . . . . . . . . . 24 . . . . 5 15 . . . Parts Repaired . | . . . . . . . . . . . . . . . . . . . . . . . . . . . Time . | . . . . . . . . . . . . . . . . . . . . . . . . . . . Parts Recycled . | . . . . . . . . . . . . . . . . . . . . . . . . . . . Recycled Matter . | . . . . . . . . . . . . . . . . . . . . . . . . . . . Retrieved Matter . | . . . . . . . . . . . . . . . . . . . . . . . . . . . Retrieved Components . | . . . . . . . . . . . . . . . . . . . . . . . . . . . Parts Scanalyzed 2 | . . 1 1 . . . . . . . . . . . . . . . . . . . . . . . Part Schematics Acquired 2 | . . 1 1 . . . . . . . . . . . . . . . . . . . . . . . Parts Damaged . | . . . . . . . . . . . . . . . . . . . . . . . . . . . Bothacking | -11 -10 -9 -8 -7 -7 -7 -7 -6 -6 -6 -6 -5 -5 -5 -5 -4 -4 -4 -4 -4 -3 -3 -3 -2 -1 -1 ------------ Run | Scr Mat Mat Mat Fac Low Low Dat Pro Fac Low Low Fac Upp Upp Zhi Pro Fac Upp Upp War Pro Res Tes Res Acc Com Used RIF Installer . | . . . . . . . . . . . . . . . . . . . . . . . . . . . Robots Hacked . | . . . . . . . . . . . . . . . . . . . . . . . . . . . Non-combat . | . . . . . . . . . . . . . . . . . . . . . . . . . . . Combat . | . . . . . . . . . . . . . . . . . . . . . . . . . . . Robot Hacks Applied . | . . . . . . . . . . . . . . . . . . . . . . . . . . . Relay Couplers Released . | . . . . . . . . . . . . . . . . . . . . . . . . . . . Robots Rewired . | . . . . . . . . . . . . . . . . . . . . . . . . . . . Allies Hacked . | . . . . . . . . . . . . . . . . . . . . . . . . . . . Hacks Repelled . | . . . . . . . . . . . . . . . . . . . . . . . . . . . Allies | -11 -10 -9 -8 -7 -7 -7 -7 -6 -6 -6 -6 -5 -5 -5 -5 -4 -4 -4 -4 -4 -3 -3 -3 -2 -1 -1 -------- Run | Scr Mat Mat Mat Fac Low Low Dat Pro Fac Low Low Fac Upp Upp Zhi Pro Fac Upp Upp War Pro Res Tes Res Acc Com Total Allies 27 | . . 1 . . . . . . 2 . . . . . . . . . . . . 1 1 . 4 18 Largest Group 15 | . . 1 . . . . . . 1 . . . . . . . . . . . . 1 1 . 3 15 Highest-Rated Group 714 | . . 10 . . . . . . 19 . . . . . . . . . . . . 44 26 . 359 714 Highest-Rated Ally 124 | . . 10 . . . . . . 19 . . . . . . . . . . . . 44 26 . 124 76 Total Orders . | . . . . . . . . . . . . . . . . . . . . . . . . . . . Ally Attacks 17 | . . . . . . . . . . . . . . . . . . . . . . . . . 2 15 Total Damage 570 | . . . . . . . . . . . . . . . . . . . . . . . . . 32 538 Kills 5 | . . . . . . . . . . . . . . . . . . . . . . . . . . 5 Allies Corrupted 1 | . . . . . . . . . . . . . . . . . . . . . . . . . . 1 Allies Melted . | . . . . . . . . . . . . . . . . . . . . . . . . . . . Intel | -11 -10 -9 -8 -7 -7 -7 -7 -6 -6 -6 -6 -5 -5 -5 -5 -4 -4 -4 -4 -4 -3 -3 -3 -2 -1 -1 ------- Run | Scr Mat Mat Mat Fac Low Low Dat Pro Fac Low Low Fac Upp Upp Zhi Pro Fac Upp Upp War Pro Res Tes Res Acc Com Robot Analysis Total 4 | . . . . . . . . . . . . . . . 4 . . . . . . . . . . . Derelict Logs Recovered 14 | . . . . . 2 2 . . . 1 1 . 2 1 . 3 . 1 1 . . . . . . . Drone Launches . | . . . . . . . . . . . . . . . . . . . . . . . . . . . Drone Recoveries . | . . . . . . . . . . . . . . . . . . . . . . . . . . . Exploration | -11 -10 -9 -8 -7 -7 -7 -7 -6 -6 -6 -6 -5 -5 -5 -5 -4 -4 -4 -4 -4 -3 -3 -3 -2 -1 -1 ------------- Run | Scr Mat Mat Mat Fac Low Low Dat Pro Fac Low Low Fac Upp Upp Zhi Pro Fac Upp Upp War Pro Res Tes Res Acc Com Turns Passed 12128 | 88 363 1301 2864 656 310 164 25 92 844 239 230 376 259 143 86 298 534 382 255 332 197 524 585 672 185 124 Spaces Moved 17050 | 69 323 764 1447 1008 772 459 85 290 1525 472 580 384 645 419 179 558 482 763 398 668 364 963 991 1833 385 224 Core 88 | 4 . . . . . . . . . . . 3 . . . . . . . . . . . . . 81 Treads . | . . . . . . . . . . . . . . . . . . . . . . . . . . . Legs 1314 | . . . 1289 25 . . . . . . . . . . . . . . . . . . . . . . Wheels 1310 | 65 323 764 158 . . . . . . . . . . . . . . . . . . . . . . . Hover 3287 | . . . . . . . . . . . . . . . 54 558 482 763 398 668 364 . . . . . Flight 11051 | . . . . 983 772 459 85 290 1525 472 580 381 645 419 125 . . . . . . 963 991 1833 385 143 Fastest Speed 24 | 50 90 90 90 29 29 29 29 29 29 29 29 29 34 34 34 42 42 42 45 42 45 34 24 27 27 30 Average Speed 48 | 87 92 96 150 38 29 29 29 29 29 29 29 41 34 34 36 42 42 44 45 42 45 34 31 27 28 46 Slowest Speed 450 | 100 100 100 240 175 29 29 29 29 29 29 29 450 34 34 50 42 42 46 45 46 51 35 94 27 32 200 Overloaded Moves . | . . . . . . . . . . . . . . . . . . . . . . . . . . . Propulsion Burnouts . | . . . . . . . . . . . . . . . . . . . . . . . . . . . Robots Hopped 35 | . . . . . . . . . . . . . . . . . . . . . . 9 22 4 . . Cave-ins Triggered 4 | . . . . . . . . . 1 . 2 . . . . . 1 . . . . . . . . . Exploration Rate (%) 55 | 6 51 62 87 22 84 64 75 60 43 73 64 15 87 65 63 88 12 80 80 89 61 30 88 23 9 13 Regions Visited 26 Branch Regions 16 Pre-discovered Areas 2 | . . . . . . . 1 . . . . . . . 1 . . . . . . . . . . . Known Exits Taken 24 | . 1 . 1 1 1 1 1 1 1 1 1 1 1 1 1 1 1 1 1 1 1 1 1 1 1 . Unknown Exits Taken 2 | 1 . 1 . . . . . . . . . . . . . . . . . . . . . . . . Scrap Searched 20 | . . . . . 3 1 . 1 . 3 3 . 1 . . 4 . 3 . . 1 . . . . . Spaces Dug 293 | . . 6 . 29 8 4 . . 94 14 24 16 16 . . 5 24 . 6 8 9 . 7 2 18 3 Terrain Destroyed 328 | 7 . 7 . 29 8 4 . . 94 14 24 16 16 . . 5 27 . 6 8 9 3 28 2 18 3 Melee 280 | . . . . 29 8 4 . . 94 14 24 16 16 . . 5 24 . 6 8 9 . . 2 18 3 Projectile 32 | . . 7 . . . . . . . . . . . . . . 3 . . . . 3 19 . . . AOE 16 | 7 . . . . . . . . . . . . . . . . . . . . . . 9 . . . Actions | -11 -10 -9 -8 -7 -7 -7 -7 -6 -6 -6 -6 -5 -5 -5 -5 -4 -4 -4 -4 -4 -3 -3 -3 -2 -1 -1 --------- Run | Scr Mat Mat Mat Fac Low Low Dat Pro Fac Low Low Fac Upp Upp Zhi Pro Fac Upp Upp War Pro Res Tes Res Acc Com Total 19671 | 83 375 1097 1859 1229 845 478 84 297 1752 552 606 514 660 418 201 607 760 783 448 701 378 1105 1182 2000 424 233 Wait 1490 | . 35 174 155 135 66 5 . 8 95 67 . 43 . . . 36 228 7 34 11 . 105 121 149 16 . Move 16953 | 68 322 763 1446 1007 771 458 84 289 1523 471 577 383 644 418 178 557 480 762 397 667 363 944 949 1824 384 224 Hop 32 | . . . . . . . . . . . . . . . . . . . . . . 9 19 4 . . Pick Up 65 | 4 2 12 24 3 . . . . 6 . 1 1 . . 2 1 4 . . . . . 4 1 . . Fast Attach 109 | 6 3 6 12 6 . 4 . . 1 . 1 11 . . 7 . 1 2 1 6 2 7 19 12 1 1 Attach 60 | . . 10 13 10 . . . . 4 . . 9 . . 2 . 4 . . . 1 2 3 . 1 1 Detach 47 | . 2 6 4 5 . . . . 2 . . 6 . . 6 . 1 . 2 3 . 2 4 4 . . Swap 38 | . 2 10 8 3 . . . . . . . 3 . . 1 3 5 . . 1 . . 2 . . . Drop 90 | . 3 6 19 20 . 4 . . 3 . 1 6 . . 5 1 4 . . 5 . 1 8 4 . . Fire 418 | 5 6 106 178 3 . . . . . . . 14 . . . . 8 12 8 . . 35 43 . . . Melee 353 | . . 4 . 37 8 7 . . 117 14 24 38 16 . . 9 24 . 6 8 10 . . 2 22 7 Ram 2 | . . . . . . . . . . . . . . . . . . . . . 2 . . . . . Kick . | . . . . . . . . . . . . . . . . . . . . . . . . . . . Crush . | . . . . . . . . . . . . . . . . . . . . . . . . . . . Escape Stasis 14 | . . . . . . . . . 1 . 2 . . . . . 1 . . . . . 10 . . . Rewire . | . . . . . . . . . . . . . . . . . . . . . . . . . . . Trap . | . . . . . . . . . . . . . . . . . . . . . . . . . . . Miscellaneous . | . . . . . . . . . . . . . . . . . . . . . . . . . . . Route ------- -11/Scrapyard -10/Materials (discovered 4 exits: *Mat x3 / [*Min]) -9/Materials (discovered 3 exits: *Mat / [*Min x2]) -8/Materials (discovered 2 exits: *Fac x2) -7/Factory (discovered 3 exits: *Sto / *Low x2) -7/Lower Caves -7/Lower Caves (discovered 2 exits: Fac / *Dat) -7/Data Miner -6/Proximity Caves -6/Factory (discovered 3 exits: *Fac / *Low x2) -6/Lower Caves -6/Lower Caves -5/Factory (discovered 4 exits: *Upp x2 / *Ext x2) -5/Upper Caves -5/Upper Caves (discovered 2 exits: *Fac / *Zhi) -5/Zhirov -4/Proximity Caves -4/Factory (discovered 3 exits: *Res / *Upp x2) -4/Upper Caves -4/Upper Caves (discovered 2 exits: *Res / *War) -4/Warlord -3/Proximity Caves -3/Research (discovered 4 exits: Res / Arm / *Tes x2) -3/Testing -2/Research (discovered 2 exits: *Acc x2) -1/Access (discovered 2 exits: Sur / *Com) -1/Command (discovered 2 exits: Sur x2) History --------- Turn | Location | Event 2 | -11/Scrapyard | Discovered new exit (range 16) 89 | -11/Scrapyard | Entered Materials 182 | -10/Materials | Discovered new exit (range 16) 278 | -10/Materials | Identified exit to Materials 300 | -10/Materials | Build established: Mutant 452 | -10/Materials | Entered another Materials area 452 | -9/Materials | Evolved 2 slots: Propulsion x1, Utility x1 1039 | -9/Materials | Discovered new exit (range 16) 1219 | -9/Materials | Build established: Scavenger-Mutant 1245 | -9/Materials | Discovered new exit (range 9) 1341 | -9/Materials | Discovered new exit (range 6) 1753 | -9/Materials | Entered another Materials area 1753 | -8/Materials | Evolved 2 slots: Utility x2 1923 | -8/Materials | Lost 3 parts (2n1w) 1972 | -8/Materials | Lost 3 parts (1n1u1w) 2327 | -8/Materials | Lost 6 parts (1p3n2w) 2854 | -8/Materials | Discovered new exit (range 10) 2929 | -8/Materials | Identified exit to Factory 4586 | -8/Materials | Discovered exit to Factory (range 12) 4617 | -8/Materials | Entered Factory 4617 | -7/Factory | Evolved 2 slots: Power x1, Utility x1 4870 | -7/Factory | Fabricated Imp. VTOL Module (x1) 4978 | -7/Factory | Discovered new exit (range 22) 5067 | -7/Factory | Discovered new exit (range 4) 5069 | -7/Factory | Identified exit to Storage 5137 | -7/Factory | Discovered new exit (range 8) 5138 | -7/Factory | Identified exit to Lower Caves 5205 | -7/Factory | Local fabrication network quarantined 5224 | -7/Factory | Build established: Hacker-Scout 5245 | -7/Factory | Fabricated Adv. Sensor Array (x1) 5273 | -7/Factory | Entered Lower Caves 5296 | -7/Lower Caves | Learned Factory trap positions 5378 | -7/Lower Caves | Learned Factory emergency access door positions 5527 | -7/Lower Caves | Encountered a Warlord checkpoint 5535 | -7/Lower Caves | Discovered new exit (range 12) 5538 | -7/Lower Caves | Identified exit to Lower Caves 5583 | -7/Lower Caves | Entered another Lower Caves area 5611 | -7/Lower Caves | Identified exit to Factory 5631 | -7/Lower Caves | Acquired the password to a Derelict Tinkerer's latest research 5635 | -7/Lower Caves | Found Prototype Special Weapon 5635 | -7/Lower Caves | Identified Molecular Deconstructor 5685 | -7/Lower Caves | Encountered a Warlord checkpoint 5725 | -7/Lower Caves | Discovered new exit (range 4) 5725 | -7/Lower Caves | Identified exit to Data Miner 5747 | -7/Lower Caves | Entered Data Miner 5747 | -7/Data Miner | Discovered new exit (range 6) 5750 | -7/Data Miner | Identified exit to Proximity Caves 5752 | -7/Data Miner | Met Data Miner 5760 | -7/Data Miner | Learned location of Section 7 (-2) 5760 | -7/Data Miner | Acquired the access code to Warlord's prototype stash 5765 | -7/Data Miner | Received God Mode back door access code from Data Miner 5772 | -7/Data Miner | Entered Proximity Caves 5863 | -6/Proximity Caves | Discovered exit to Factory (range 8) 5864 | -6/Proximity Caves | Entered Factory 5864 | -6/Factory | Evolved 2 slots: Utility x2 5865 | -6/Factory | Loaded intel: 83 trap records 6034 | -6/Factory | Discovered new exit (range 4) 6035 | -6/Factory | Identified exit to Factory 6248 | -6/Factory | Crushed by falling debris 6487 | -6/Factory | Identified exit to Lower Caves 6708 | -6/Factory | Entered Lower Caves 6889 | -6/Lower Caves | Learned Factory stockpile data 6920 | -6/Lower Caves | Encountered a Warlord checkpoint 6946 | -6/Lower Caves | Discovered new exit (range 4) 6947 | -6/Lower Caves | Identified exit to Lower Caves 6947 | -6/Lower Caves | Entered another Lower Caves area 6966 | -6/Lower Caves | Encountered a Warlord checkpoint 7069 | -6/Lower Caves | Crushed by falling debris 7081 | -6/Lower Caves | Crushed by falling debris 7177 | -6/Lower Caves | Entered Factory 7177 | -5/Factory | Evolved 2 slots: Utility x2 7178 | -5/Factory | Identified exit to Extension 7210 | -5/Factory | Identified exit to Upper Caves 7418 | -5/Factory | Destroyed 8 combat bots 7421 | -5/Factory | Lost 8 parts (1p4n3u) 7553 | -5/Factory | Entered Upper Caves 7591 | -5/Upper Caves | Encountered a Warlord checkpoint 7593 | -5/Upper Caves | Learned Factory terminal intel 7667 | -5/Upper Caves | Learned Extension trap positions 7667 | -5/Upper Caves | Learned Research stockpile data 7667 | -5/Upper Caves | Learned Research security intel 7667 | -5/Upper Caves | Learned Extension security intel 7667 | -5/Upper Caves | Learned Research garrison access intel 7667 | -5/Upper Caves | Learned Armory garrison access intel 7712 | -5/Upper Caves | Learned 4 Factory zone layouts 7719 | -5/Upper Caves | Build established: Wizard-Scout 7796 | -5/Upper Caves | Discovered new exit (range 10) 7800 | -5/Upper Caves | Identified exit to Upper Caves 7812 | -5/Upper Caves | Entered another Upper Caves area 7814 | -5/Upper Caves | Learned 4 Factory zone layouts 7821 | -5/Upper Caves | Discovered new exit (range 5) 7823 | -5/Upper Caves | Identified exit to Factory 7949 | -5/Upper Caves | Discovered new exit (range 18) 7954 | -5/Upper Caves | Identified exit to Zhirov 7955 | -5/Upper Caves | Entered Zhirov 7955 | -5/Zhirov | Discovered new exit (range 3) 7957 | -5/Zhirov | Identified exit to Proximity Caves 7962 | -5/Zhirov | Met Zhirov 7972 | -5/Zhirov | Learned location of Quarantine (-2) 7975 | -5/Zhirov | Zhirov requested help retrieving the SGEMP Prototype 7982 | -5/Zhirov | Found Alien Artifact 7982 | -5/Zhirov | Identified Integrated Reactor 7982 | -5/Zhirov | Installed Integrated Reactor, increased core energy generation (+2%) 8041 | -5/Zhirov | Entered Proximity Caves 8048 | -4/Proximity Caves | Learned location of 2 exits from Research 8073 | -4/Proximity Caves | Attracted the attention of an 0b10 checkpoint 8285 | -4/Proximity Caves | Learned Research trap positions 8308 | -4/Proximity Caves | Learned 4 Research zone layouts 8325 | -4/Proximity Caves | Discovered exit to Factory (range 17) 8339 | -4/Proximity Caves | Entered Factory 8339 | -4/Factory | Evolved 2 slots: Utility x2 8340 | -4/Factory | Identified exit to Research 8340 | -4/Factory | Identified exit to Upper Caves 8341 | -4/Factory | Loaded intel: 20 terminal locations 8451 | -4/Factory | Fabricated Adv. Hacking Suite (x1) 8506 | -4/Factory | Fabricated Adv. Hacking Suite (x1) 8562 | -4/Factory | Fabricated Adv. Hacking Suite (x1) 8616 | -4/Factory | Fabricated Adv. Hacking Suite (x1) 8637 | -4/Factory | Build established: Wizard-Ninja 8662 | -4/Factory | Central database locked down 8694 | -4/Factory | Crushed by falling debris 8873 | -4/Factory | Entered Upper Caves 9048 | -4/Upper Caves | Build established: Wizard-Mutant 9195 | -4/Upper Caves | Learned Research stockpile data 9249 | -4/Upper Caves | Discovered new exit (range 14) 9255 | -4/Upper Caves | Identified exit to Upper Caves 9255 | -4/Upper Caves | Entered another Upper Caves area 9267 | -4/Upper Caves | Discovered exit to Research (range 9) 9316 | -4/Upper Caves | Attracted the attention of an 0b10 checkpoint 9330 | -4/Upper Caves | Attacked by a delusional Derelict stockpiling parts 9506 | -4/Upper Caves | Discovered new exit (range 9) 9509 | -4/Upper Caves | Identified exit to Warlord 9510 | -4/Upper Caves | Entered Warlord 9526 | -4/Warlord | System corruption cleaned by Quarantine Array 9567 | -4/Warlord | Learned Factory scanalyzer intel 9567 | -4/Warlord | Learned Research garrison access intel 9567 | -4/Warlord | Learned Armory repair station intel 9587 | -4/Warlord | Met Warlord 9592 | -4/Warlord | Opened Warlord's prototype stash 9594 | -4/Warlord | Found Prototype Processor 9594 | -4/Warlord | Identified Exp. Armor Integrity Analyzer 9601 | -4/Warlord | Found Prototype Processor 9601 | -4/Warlord | Identified Exp. Targeting Computer 9603 | -4/Warlord | Warlord's base attacked by MAIN.C 9636 | -4/Warlord | Build established: Wizard-Ninja 9802 | -4/Warlord | Opened side exit 9807 | -4/Warlord | Spotted B-90 Cyclops 9818 | -4/Warlord | Spotted B-86 Titan 9832 | -4/Warlord | Discovered new exit (range 11) 9841 | -4/Warlord | Identified exit to Proximity Caves 9842 | -4/Warlord | Entered Proximity Caves 9872 | -3/Proximity Caves | Lost 4 parts (1n3u) 9970 | -3/Proximity Caves | Spotted B-86 Titan 10031 | -3/Proximity Caves | Discovered exit to Research (range 7) 10039 | -3/Proximity Caves | Entered Research 10039 | -3/Research | Evolved 2 slots: Utility x2 10040 | -3/Research | Identified exit to Armory 10041 | -3/Research | Identified exit to Research 10041 | -3/Research | Identified exit to Testing 10043 | -3/Research | Loaded intel: 108 trap records 10046 | -3/Research | Loaded intel: 2 garrison access locations 10068 | -3/Research | Lost 4 parts (1p2n1w) 10102 | -3/Research | Spotted B-86 Titan 10170 | -3/Research | Build established: Wizard-Mutant 10175 | -3/Research | Spotted B-86 Titan 10214 | -3/Research | Lost 3 parts (3u) 10235 | -3/Research | Fabricated Exp. Sensor Array? 10508 | -3/Research | Found Prototype Device 10508 | -3/Research | Identified Exp. Thermal Shield 10563 | -3/Research | Entered Testing 10573 | -3/Testing | Lost 5 parts (3u2w) 10615 | -3/Testing | Found Prototype Device 10615 | -3/Testing | Identified Exp. Hardlight Generator 10669 | -3/Testing | Discovered exit to Research (range 7) 10728 | -3/Testing | Fabricated Adv. Sensor Array (x1) 10879 | -3/Testing | Spotted PL-OX8FY9DWLD 10944 | -3/Testing | Fabricated Adv. Hacking Suite (x1) 10963 | -3/Testing | Local fabrication network quarantined 10999 | -3/Testing | Fabricated Adv. Hacking Suite (x1) 11026 | -3/Testing | Spotted Striker 11026 | -3/Testing | Spotted Striker 11030 | -3/Testing | Found Prototype Processor 11030 | -3/Testing | Identified Spectral Analyzer 11069 | -3/Testing | Core integrity fell below 50% 11071 | -3/Testing | Spotted Alpha 7 11072 | -3/Testing | Scanned by Researcher 11090 | -3/Testing | Stole the SGEMP Prototype 11126 | -3/Testing | Lost 7 parts (1p1n3u2w) 11148 | -3/Testing | Entered Research 11148 | -2/Research | Warlord forces began assault on 0b10 11148 | -2/Research | Evolved 2 slots: Utility x2 11149 | -2/Research | Identified exit to Access 11151 | -2/Research | Loaded intel: 4 garrison access locations 11211 | -2/Research | Found Prototype Processor 11211 | -2/Research | Identified Exp. Core Analyzer 11221 | -2/Research | Spotted B-90 Cyclops 11258 | -2/Research | Research machine network offline 11265 | -2/Research | Discovered exit to Access (range 5) 11385 | -2/Research | Build established: Wizard-Sprinter 11636 | -2/Research | Borebot progress halted 11639 | -2/Research | Borebot progress halted 11660 | -2/Research | Borebot progress halted 11685 | -2/Research | Borebot progress halted 11693 | -2/Research | Build established: Wizard-Scout 11749 | -2/Research | Borebot progress halted 11820 | -2/Research | Entered Access 11820 | -1/Access | Evolved 2 slots: Utility x2 11821 | -1/Access | Loaded intel: 115 machine locations 11821 | -1/Access | Loaded intel: 77 trap records 11821 | -1/Access | Identified exit to Surface 11821 | -1/Access | Discovered exit to Surface (range 154) 11821 | -1/Access | Identified exit to Command 11821 | -1/Access | Discovered exit to Command (range 95) 11821 | -1/Access | Delivered the SGEMP Prototype to Zhirov 11821 | -1/Access | Zhirov transferred Access data 11856 | -1/Access | Zhirov warped through subspace 12005 | -1/Access | Entered Command 12014 | -1/Command | Disengaged cave seal 12095 | -1/Command | Core integrity fell below 50% 12102 | -1/Command | Lost 7 parts (1p4n1u1w) 12124 | -1/Command | Spotted M Guard 12124 | -1/Command | Spotted M Guard 12124 | -1/Command | Spotted Combat Programmer 12124 | -1/Command | Spotted Combat Programmer 12128 | -1/Command | Core integrity fell below 20% 12129 | -1/Command | Destroyed by M Guard with Ragnarok Missile Launcher Last Messages --------------- 12101_ Connecting with Terminal... >>Trojan(Detonate) Trojan loaded successfully. Testing... Scanning machine control network... No applicable machines found. Infected machine control systems. 12104_ Adv. Target Analyzer destroyed. 12106_ Penetrated by Slug. 12106_ Slug penetrates S-43 Plague. 12106_ Linear Accelerator destroyed. 12106_ Hacking Suite destroyed. 12118_ Imp. System Shield destroyed. 12118_ Slug penetrates Wall. 12119_ Adv. Hacking Suite destroyed. 12125_ Penetrated by Slug. 12126_ S-43 Plague suffers critical hit. 12127_ Penetrated by EMDS Slug. 12128_ Slug penetrates S-43 Plague. 12128_ Penetrated by EMDS Slug. Map ----- +----------------------------------------------------+ | ?????????????????????????????????????????????????? | | ?????????????????????????????????????????????????? | | ?????????????????????????????????????????????????? | | ?????????????????????????????????????????????????? | | ?????????????????????????????????????????????????? | | ?????????????????????????????????????????????????? | | ?????????????????????????????????????????????????? | | ?????????????????????????????????????????????????? | | ?????????????????????????????????????????????????? | | ?????????????????????????????????????????????????? | | ?????????????????????????????????????????????????? | | ?????????????????????????????????????????????????? | | ?????????????????????????????????????????????????? | | ?????????????????????????????????????????????????? | | ?????????????????????????????????????????????????? | | ?????????????????????????????????????????????????? | | ?????????????????????????????????????????????????? | | ?????????????????????????????????????????????????# | | ?????????????????????????????????????????????????# | | ?????????????????????????######??????????????????# | | ????????????????????###??# ## #######?#####??????# | | ????????????????????# ## #?# #??????# | | ?????????????#+++#### W # W W ### W ######## | | ?????????????# / | | ?????????????# Y /hgs | | ?????????????# @ hgh/lh | | ?????????????# Y s /s g | | ?????????????# p /s | | ?????????????# p ### ## W W ### W ######## | | ?????????????###????# ?# # #?# #???# | | ????????????????????###??# ## #######?#####???# | | ?????????????????????????######???????????????# | | ??????????????????????????????????????????????# | | ??????????????????????????????????????????????# | | ??????????????????????????????????????????????# | | ??????????????????????????????????????????????# | | ??????????????????????????????????????????????# | | ??????????????????????????????????????????????# | | ??????????????????????????????????????????????#### | | ?????????????????????????????????????????????????? | | ?????????????????????????????????????????????????? | | ?????????????????????????????????????????????????? | | ?????????????????????????????????????????????????? | | ?????????????????????????????????????????????????? | | ?????????????????????????????????????????????????? | | ?????????????????????????????????????????????????? | | ???????????????????????#????##???????????????????? | | ??????????????????????? ???? #??????????########## | | ??????????????????????# ???? #??????????# | | ??????????????????????# ???? #??????????# | +----------------------------------------------------+ Best States ------------- Heat Dissipation 52 Energy Generation 33 Energy Capacity 1900 Matter Stores 300 Matter Capacity 300 Sight Range 22 Robot Scan Range 30 Terrain Scan Range 16 Terrain Scan Density 210 ECM Strength 2 Power Amplification 30 Additional Mass Support 12 Armor Coverage 375 Resistance: KI 20 Resistance: TH 50 Resistance: EX 20 Resistance: EM 20 Resistance: I 20 Resistance: S 20 Resistance: P 20 Weapon Shielding 33 Evasion (%) 65 Target Analysis 8 Core Analysis 10 Offensive Hacking 66 Defensive Hacking 32 Item Schematics ----------------- Hacking Suite | -9/Materials | Scanalyzed Adv. Sensor Array | -8/Materials | Hacked Adv. Signal Interpreter | -8/Materials | Hacked Cesium-ion Thruster | -8/Materials | Scanalyzed Imp. VTOL Module | -7/Factory | Hacked Imp. Cesium-ion Thruster | -7/Factory | Hacked Combat Drone Bay | -7/Data Miner | Free Lgt. Regenerative Plating | -7/Data Miner | Free Exp. Transmission Jammer | -7/Data Miner | Free Exp. ECM Suite | -7/Data Miner | Free Cloaking Device | -7/Data Miner | Free Mni. Smartbomb Launcher | -7/Data Miner | Free Kinetic Spear | -7/Data Miner | Free Nuclear Pulse Thruster | -5/Factory | Hacked Adv. Hacking Suite | -5/Factory | Hacked Assault Drone Bay | -5/Zhirov | Free Exp. Heat Sink | -5/Zhirov | Free Exp. Optical Array | -5/Zhirov | Free Imp. Arc Thrower | -5/Zhirov | Free Exp. Terrain Scanner | -4/Factory | Hacked Exp. Sensor Array | -4/Factory | Hacked Exp. Signal Interpreter | -4/Factory | Hacked Robot Schematics ------------------ S-27 Virus | -7/Data Miner | Free G-50 Soldier | -7/Data Miner | Free L-41 Fighter | -7/Data Miner | Free I-36 Angel | -7/Data Miner | Free Fabricated ------------ Imp. VTOL Module | x1 | -7/Factory Adv. Sensor Array | x1 | -7/Factory Adv. Hacking Suite | x1 | -4/Factory Adv. Hacking Suite | x1 | -4/Factory Adv. Hacking Suite | x1 | -4/Factory Adv. Hacking Suite | x1 | -4/Factory Exp. Sensor Array | x1 | -3/Research Adv. Sensor Array | x1 | -3/Testing Adv. Hacking Suite | x1 | -3/Testing Adv. Hacking Suite | x1 | -3/Testing Alien Tech Used ----------------- Integrated Reactor Achievements -------------- Can't Catch Me Collateral Damage Knowing Is Half The Battle Ooh, Shiny! Reappropriation Special Delivery Challenges ------------ None Game ------ Seed BombardmentForceModule Manual? 0 Play Time 03:13:45 Cumulative 61.3 hours Start 2020.07.23 @ 14:36:28 End 2020.07.23 @ 18:48:22 Sessions 1 Manual Loads 0 Difficulty Adventurer Special Mode None Game No. 69 Rogue 1 Adventurer 68 Explorer 0 Win Type - Total 2 Types 2/0/0/0/0/0/0 Lore% 32 Gallery% 48 Achievement% 40 Wizard Run 0 Options --------- ASCII 0 Keyboard 1 Movement Numpad Keybinds 0 Fullscreen 1 Font 18/SmallcapsGlow Map View 76x50 Tactical HUD 1 Map Filters NONE Filters NONE Steam 1 RUN: 1a930ce9-3c0a-4a49-8d8e-cb235a67f298